 Dungeon Crawl Stone Soup version 0.27-a0-1137-g3ef0f4ec91 (webtiles) character file.

Game seed: 15688177744605898322

2628 1player the Fighter (level 9, -2/85 HPs)
             Began as a Ghoul Monk on May 6, 2021.
             Was a Believer of Cheibriados.
             Slain by a hellwing (11 damage)
             ... on level 7 of the Dungeon.
             The game lasted 00:20:15 (9421 turns).

1player the Fighter (Ghoul Monk)                    Turns: 9421, Time: 00:20:15

Health: -2/85      AC: 10    Str: 26    XL:     9   Next: 61%
Magic:  7/12       EV: 12    Int: 11    God:    Cheibriados [**....]
Gold:   1394       SH:  0    Dex: 15    Spells: 8/8 levels left

rFire    . . .     SeeInvis .     - Unarmed
rCold    + . .     Faith    .   (no shield)
rNeg     + + +     Spirit   .   h - +1 leather armour {rPois}
rPois    ∞         Reflect  .   (no helmet)
rElec    .         Harm     .   (no cloak)
rCorr    .         Rampage  .   (no gloves)
Will     .....                  p - +1 pair of boots
Stlth    ++........             t - amulet of the acrobat
HPRegen  0.00/turn              y - +4 ring of protection
MPRegen  0.13/turn              E - +6 ring of strength

@: very slow
A: claws 1, cold resistance 1, negative energy resistance 3, inhibited
regeneration, torment resistance 2, unbreathing 1
a: Renounce Religion, Bend Time


You were on level 7 of the Dungeon.
You worshipped Cheibriados.
Cheibriados was pleased with you.
You visited 2 branches of the dungeon, and saw 9 of its levels.

You collected 1442 gold pieces.
You spent 48 gold pieces at shops.

Inventory:

Missiles
 l - 17 poisoned darts (quivered)
 m - 14 boomerangs
 v - a throwing net
 F - a curare-tipped dart
Armour
 h - a +1 leather armour of poison resistance (worn)
 p - a +1 pair of boots (worn)
Magical Staves
 f - a staff of fire
Jewellery
 i - an amulet of regeneration
 t - an amulet of the acrobat (around neck)
 y - a +4 ring of protection (left claw)
 E - a +6 ring of strength (right claw)
 G - a ring of flight
Wands
 z - a wand of iceblast (8)
Scrolls
 c - 2 scrolls of immolation
 e - a scroll of amnesia
 A - a scroll of holy word {unknown}
 C - a scroll of brand weapon {unknown}
 D - a scroll of fear {unknown}
Potions
 o - 2 potions of flight
 q - 2 potions of haste


   Skills:
 - Level 10.0 Fighting
 - Level 2.6 Dodging
 - Level 2.1 Stealth
 + Level 8.6 Unarmed Combat
 + Level 6.6 Invocations


You had 8 spell levels left.
You didn't know any spells.
Your spell library contained the following spells:

 Spells                   Type           Power      Damage    Failure   Level
 Magic Dart               Conj           0%         1d3       38%         1
 Blink                    Tloc           N/A        N/A       52%         2
 Call Imp                 Summ           0%         N/A       52%         2
 Searing Ray              Conj           0%         3d3       52%         2
 Slow                     Hex            0%         N/A       52%         2
 Conjure Flame            Conj/Fire      0%         6-21      77%         3
 Dazzling Flash           Conj/Hex       0%         N/A       77%         3
 Mephitic Cloud           Conj/Pois/Air  0%         N/A       77%         3
 Fulminant Prism          Conj/Hex       0%         3d6       99%         4
 Iskenderun's Mystic Bla  Conj/Tloc      0%         2d3       99%         4


Dungeon Overview and Level Annotations

Branches:
Dungeon (8/15)             Temple (1/1) D:6
   Lair: D:8-11

Altars:
Ashenzari
Cheibriados
Dithmenos
Elyvilon
Fedhas
Gozag
Hepliaklqana
Kikubaaqudgha
Nemelex Xobeh
Okawaru
Qazlal
Ru
Sif Muna
Trog
Uskayaw
Vehumet
Wu Jian
Xom
Yredelemnul
Zin
The Shining One

Shops:
D:3 !

Annotations:
D:3 exclusion: downstairs
D:7 Harold


Innate Abilities, Weirdness & Mutations

You thrive by killing the living.
You are immune to poison.
You have sharp fingernails.
Your flesh is cold resistant. (rC+)
You are immune to negative energy. (rN+++)
You do not regenerate when monsters are visible.
You are immune to unholy pain and torment.
You can survive without breathing.


Message History

* * * LOW HITPOINT WARNING * * *
The hellwing barely misses you. The shadow imp completely misses you.
You scratch the hellwing but do no damage.
The hellwing is lightly wounded.
The hellwing hits you.
* * * LOW HITPOINT WARNING * * *
The hellwing barely misses you.
The shadow imp hits you but does no damage.
You barely miss the hellwing.
You claw the hellwing, but do no damage.
The hellwing is no longer moving slowly.
You feel better.
The hellwing hits you but does no damage.
The hellwing hits you.
* * * LOW HITPOINT WARNING * * *
The shadow imp hits you.
* * * LOW HITPOINT WARNING * * *
The flow of time bends around you.
Cheibriados rebukes the hellwing.
The hellwing seems to slow down.
Cheibriados rebukes the shadow imp.
The shadow imp seems to slow down.
The hellwing hits you.
* * * LOW HITPOINT WARNING * * *
The hellwing hits you but does no damage.
The shadow imp barely misses you.
You claw the hellwing!
The hellwing is moderately wounded.
You completely miss the hellwing.
The hellwing is moderately wounded.
The hellwing hits you.
* * * LOW HITPOINT WARNING * * *
The hellwing barely misses you. The shadow imp misses you.
You scratch the hellwing but do no damage.
The hellwing is moderately wounded.
You barely miss the hellwing.
You claw the hellwing, but do no damage.
The hellwing is moderately wounded.
The shadow imp hits you but does no damage.
The hellwing hits you!
You die...

.........#....#....##....###+#...
.........##..##....##........#...
.....#######'##....##........#...
.....+.............##....##+##...
.....#.......(......#....#...:..#
.....#......###.###.#....#......#
.....#......#.....#.#....#......#
.....'......#...).#(#....#......#
.....###(##....4@........#.......
...#####.##.#..5..#......#.......
...# #.....#.....#......#.......
...# #.....###.###......#.......
...# #..................'.......
...## ###...#####....##..#.......
....# ##...###..######..#......#
....# #..............#..#......#
....# #..............#>.#......#


You could see a hellwing (slow) and a shadow imp (slow).

Vanquished Creatures
  An unseen horror (D:6)
  A hellwing (D:7)
  A wraith (D:4)
  Edmund (D:6)
  A water moccasin (D:6)
  An ice beast (D:6)
  An ogre (D:6)
  2 centaurs
  A necrophage (D:4)
  A phantom (D:4)
  A kobold brigand (D:7)
  3 scorpions
  3 wights (D:7)
  3 jellies (D:6)
  4 howler monkeys
  A bullfrog zombie (D:5)
  A centaur zombie (D:7)
  An orc priest (D:6)
  2 centaur skeletons (D:6)
  A hound (D:4)
  2 bullfrog skeletons (D:6)
  An iguana (D:5)
  4 orc wizards
  A killer bee zombie (D:5)
  A hound skeleton (D:5)
  6 gnolls
  8 adders
  A shadow imp (D:7)
  A white imp (D:7)
  3 ufetubi (D:6)
  An adder skeleton (D:5)
  2 worms (D:2)
  3 dart slugs
  14 orcs
  6 endoplasms
  A giant cockroach (D:1)
  4 hobgoblins
  5 jackals
  7 kobolds
  5 quokkas
  8 ball pythons
  2 bats
  4 frilled lizards (D:1)
  8 goblins
  3 rats
132 creatures vanquished.

Vanquished Creatures (others)
  2 withered plants (D:8)
2 creatures vanquished.

Grand Total: 134 creatures vanquished

Notes
Turn   | Place    | Note
-------+----------+-------------------------------------------
     0 | D:1      | 1player the Ghoul Monk began the quest for the Orb.
     0 | D:1      | Reached XP level 1. HP: 19/19 MP: 0/0
   197 | D:1      | Reached XP level 2. HP: 26/26 MP: 1/1
   551 | D:1      | Reached XP level 3. HP: 29/33 MP: 2/2
   806 | D:1      | Reached skill level 4 in Fighting
  1462 | D:2      | Reached XP level 4. HP: 19/41 MP: 3/3
  1957 | D:3      | Found Esuira's Distillery.
  1963 | D:3      | Bought a potion of might for 48 gold pieces
  2254 | D:3      | Found a faded altar of an unknown god.
  3127 | D:3      | Reached XP level 5. HP: 41/47 MP: 4/4
  3187 | D:4      | Noticed a necrophage
  3256 | D:4      | Reached skill level 5 in Fighting
  3256 | D:4      | You fall into a shaft and drop 1 floor!
  3256 | D:5      | Entered Level 5 of the Dungeon
  3257 | D:5      | Identified the +5 quarterstaff "Vemeras" {freeze, rC+
                  | Str+2}
  3265 | D:5      | Reached skill level 5 in Unarmed Combat
  3421 | D:4      | Noticed a wraith
  3441 | D:4      | Killed a wraith
  3442 | D:4      | Reached skill level 6 in Fighting
  3442 | D:4      | Reached XP level 6. HP: 45/58 MP: 5/5
  3693 | D:4      | Reached skill level 7 in Fighting
  3693 | D:4      | Reached XP level 7. HP: 44/66 MP: 6/6
  4141 | D:4      | Reached skill level 8 in Fighting
  4836 | D:5      | Reached skill level 9 in Fighting
  5411 | D:6      | Identified a scroll of acquirement
  5411 | D:6      | Acquired 1115 gold pieces
  5516 | D:6      | Noticed Edmund
  5522 | D:6      | Reached XP level 8. HP: 78/78 MP: 7/7
  5614 | D:6      | Found a staircase to the Ecumenical Temple.
  5747 | Temple   | Entered the Ecumenical Temple
  5822 | Temple   | Became a worshipper of Cheibriados the Contemplative
  5822 | Temple   | Reached * piety under Cheibriados
  5822 | Temple   | Reached ** piety under Cheibriados
  6125 | D:6      | Reached skill level 10 in Fighting
  6140 | D:6      | Killed Edmund
  6141 | D:6      | Reached skill level 1 in Invocations
  7130 | D:6      | Reached XP level 9. HP: 85/85 MP: 11/11
  7154 | D:6      | Killed an unseen horror
  7155 | D:6      | Reached skill level 5 in Invocations
  7908 | D:7      | Noticed Harold
  9076 | D:8      | Noticed a hellwing
  9152 | D:8      | Noticed a hellwing
  9171 | D:7      | Killed a hellwing
  9421 | D:7      | Slain by a hellwing

Illustrated notes

Levels and vault maps discovered:
D:1:      dpeg_arrival_tiny_b, layout_loops_ring
D:2:      layout_basic, minmay_misc_feat_alley
D:3:      layout_basic, shapermc_ecumenical_altar_totnotflames, serial_shops,
          shop
D:4:      layout_basic
D:5:      layout_loops_ring, minmay_misc_feat_ornament
D:6:      minmay_chambers_of_fours, layout_gridville,
          minmay_temple_entry_proselytizer, serial_co_window_serial,
          co_window_paths_a, co_window_corner_a, co_window_paths_b,
          co_window_corner_a, co_window_corner_a, co_window_paths_b,
          co_window_paths_a, co_window_cross_2, co_window_corner_b,
          co_window_2corner, co_window_paths_d, glass_columns_b,
          glass_columns_a, glass_columns_b, glass_columns_a, glass_columns_a,
          uniq_edmund
D:7:      layout_gridville, st_stairs_3, uniq_harold
D:8:      cheibrodos_grave_circle, layout_cave_pools, makhleb_grotto_becter,
          serial_shops, shop, enter_bailey_5, lemuel_old_faithful
Temple:   minmay_crystal_snake_temple

Skill      XL: |  1  2  3  4  5  6  7  8  9 |
---------------+----------------------------+-----
Fighting       | 4 6 7 9 10 | 10.0
Unarmed Combat | 4 5 6 8 |  8.6
Invocations    | 4 6 |  6.6
Dodging        | |  2.6
Stealth        | |  2.1

Action                   |  1- 3 |  4- 6 |  7- 9 || total
-------------------------+-------+-------+-------++-------
Melee: Unarmed           |   118 |    59 |   166 ||   343
       Punch             |     1 |     1 |     6 ||     8
       Quarterstaff      |       |    23 |    72 ||    95
Throw: Dart              |    10 |    26 |    15 ||    51
       Boomerang         |       |       |     6 ||     6
Invok: Bend Time         |       |       |     8 ||     8
Evoke: Wand              |       |       |     6 ||     6
  Use: Scroll            |       |     2 |    11 ||    13
       Potion            |       |     1 |     4 ||     5
 Stab: Sleeping          |     2 |       |     3 ||     5
       Distracted        |       |       |     1 ||     1
Armor: Robe              |    11 |       |       ||    11
       Leather armour    |     8 |    17 |   111 ||   136
Dodge: Dodged            |    63 |    34 |   197 ||   294

Table legend: (Time is in decaauts)
 A = Elapsed time spent in this place.
 B = Non-inter-level travel time spent in this place.
 C = Inter-level travel time spent in this place.
 D = Time resting spent in this place.
 E = Time spent auto-exploring this place.
 F = Levels seen in this place.
 G = Mean time per level.
                   A        B        C        D        E       F      G
               +--------+--------+--------+--------+--------+-----+--------+
         Total |  10342 |   9812 |    530 |   2059 |   5895 |   9 | 1149.1 |
       Dungeon |  10035 |   9555 |    480 |   2059 |   5658 |   8 | 1254.4 |
        Temple |    307 |    257 |     50 |      0 |    237 |   1 |  307.0 |
               +--------+--------+--------+--------+--------+-----+--------+

Top non-repeatable levels by time:
     D:6: 3024 daAuts
     D:7: 1573 daAuts
     D:4: 1263 daAuts
     D:3: 1243 daAuts
     D:2: 1119 daAuts
     D:5: 941 daAuts
     D:1: 853 daAuts
  Temple: 307 daAuts
     D:8: 18 daAuts
